 Dungeon Crawl Stone Soup version 0.27.1 (webtiles) character file.

Game seed: 11613325740287846611

303 MajorAdolf the Tainter (level 6, -7/52 HPs)
             Began as a Naga Wanderer on Aug 24, 2021.
             Mangled by an ogre (26 damage)
             ... on level 5 of the Dungeon.
             The game lasted 00:16:59 (8964 turns).

MajorAdolf the Tainter (Naga Wanderer)              Turns: 8964, Time: 00:17:00

Health: -7/52      AC:  4    Str: 14    XL:     6   Next: 38%
Magic:  0/6        EV:  9    Int: 17    God:
Gold:   185        SH:  0    Dex:  8    Spells: 2/5 levels left

rFire    . . .     SeeInvis +   t - staff of poison
rCold    . . .     Faith    .   (no shield)
rNeg     . . .     Spirit   .   q - +0 robe
rPois    +         Reflect  .   p - +0 helmet
rElec    .         Harm     .   (no cloak)
rCorr    .         Rampage  .   (no gloves)
Will     .....                  (no barding)
Stlth    ++........             (no amulet)
HPRegen  0.17/turn              (no ring)
MPRegen  0.10/turn              (no ring)

@: very slow
A: AC +2, large, see invisible, deformed body, poison resistance, slowness 2,
spit poison 1, naga tail 1
a: Spit Poison


You were on level 5 of the Dungeon.
You visited 1 branch of the dungeon, and saw 5 of its levels.

You collected 185 gold pieces.

Inventory:

Hand Weapons
 a - a +0 club
 c - a +2 dagger of draining
 d - a +0 dagger
 f - a +1 dagger of venom
Armour
 p - a +0 helmet (worn)
 q - a +0 robe (worn)
Magical Staves
 h - a staff of air
 t - a staff of poison (weapon)
Scrolls
 e - 2 scrolls of summoning {unknown}
 i - a scroll of fog {unknown}
 j - 3 scrolls of magic mapping {unknown}
 k - 4 scrolls of identify {unknown}
 l - a scroll of vulnerability {unknown}
 n - a scroll of holy word {unknown}
 s - a scroll of enchant armour {unknown}
 u - a scroll of teleportation {unknown}
 v - a scroll of enchant weapon {unknown}
 w - a scroll of immolation {unknown}
Potions
 b - 3 potions of heal wounds {unknown}
 g - 2 potions of berserk rage {unknown}
 m - a potion of mutation {unknown}
 o - a potion of degeneration {unknown}
 r - a potion of magic {unknown}


   Skills:
 - Level 2.0 Fighting
 - Level 3.0 Axes
 - Level 3.0 Stealth
 - Level 3.0 Transmutations
 + Level 8.1 Poison Magic


You had 2 spell levels left.
You knew the following spells:

 Your Spells              Type           Power      Damage    Failure   Level
a - Sting                 Tmut/Pois      100%       1d8       2%          1
b - Poisonous Vapours     Pois/Air       40%        N/A       7%          2

Your spell library contained the following spells:

 Spells                   Type           Power      Damage    Failure   Level
 Foxfire                  Conj/Fire      0%         2x1d4     24%         1
 Slow                     Hex            0%         N/A       34%         2
 Olgreb's Toxic Radiance  Pois           41%        N/A       9%          4
 Mephitic Cloud           Conj/Pois/Air  13%        N/A       24%         3
 Confusing Touch          Hex            0%         N/A       56%         3
 Conjure Flame            Conj/Fire      0%         6-21      56%         3
 Frozen Ramparts          Ice            0%         1d2       56%         3
 Inner Flame              Hex/Fire       0%         N/A       56%         3
 Vampiric Draining        Necr           0%         2d6       56%         3
 Ice Form                 Ice/Tmut       5%         N/A       77%         4
 Summon Ice Beast         Ice/Summ       0%         N/A       93%         4


Dungeon Overview and Level Annotations

Branches:
Dungeon (5/15)
 Temple: D:4-7

Altars:
Fedhas

Annotations:
D:3 exclusions: frilled lizard and 2 orcs, Sigmund
D:4 1 runed translucent door, bidolon's ghost, amateur GnVM


Innate Abilities, Weirdness & Mutations

Your serpentine skin is tough. (AC +2)
You have supernaturally acute eyesight. (SInv)
Armour fits poorly on your strangely shaped body.
Your system is resistant to poisons. (rPois)
You cover ground very slowly.
You can spit poison.
You have a snake-like lower body.


Message History

Poisonous vapours surround the dart slug!
The dart slug looks even sicker.
Unknown command.
You feel a bit more experienced.
You start resting.
Magic restored.
Unknown command.
There is an open door here.
Found a blossoming altar of Fedhas.
Found an escape hatch in the ceiling.
An ogre comes into view. It is wielding a +0 giant spiked club.
An ogre is nearby!
You feel a surge of power!
Poisonous vapours surround the ogre!
The ogre is poisoned.
The ogre shouts!
You feel a surge of power!
Poisonous vapours surround the ogre!
The ogre looks even sicker.
You feel a surge of power!
Poisonous vapours surround the ogre!
The ogre looks as sick as possible!
There is an open door here.
You hit the ogre.
The ogre is heavily wounded.
The ogre hits you with a +0 giant spiked club!
Unknown command.
You barely miss the ogre.
The ogre is heavily wounded.
The ogre completely misses you.
Unknown command.
You barely miss the ogre.
The ogre is heavily wounded.
The ogre hits you with a +0 giant spiked club!!
Unknown command.
Casting: Poisonous Vapours (safe; 7% risk of failure)
Confirm with . or Enter, or press ? or * to list all spells.
Aiming: Sting (safe; 2% risk of failure)
Press: ? - help, Shift-Dir - straight line, f/p - ogre
Aim: an ogre, wielding a +0 giant spiked club (severely wounded, very poisoned, 89% to hit)
You feel a surge of power!
The sting misses the ogre.
The ogre hits you with a +0 giant spiked club!!
Ouch! That really hurt!
You die...

#.#..........#≈....≈♣####♣≈..
#.##....######≈≈....≈≈≈≈≈≈...
#..+.........##≈≈......†.....
#..#....#####.##≈≈..........≈
#..#....#####..##≈≈........≈≈
#...............##≈≈......≈≈#
#...###.......#####≈≈≈..≈≈≈##
#...# ################''####
#...# #.O@............# #...#
#.############### #...# #.#
#.... #.# ##
#.....####'###...##
................
.##..........≈≈≈
#........≈≈≈≈≈
..........≈≈≈≈≈≈


You could see an ogre (very poisoned).

Vanquished Creatures
  An orc priest (D:4)
  An iguana (D:4)
  2 orc wizards (D:2)
  A hound skeleton (D:4)
  5 adders
  A howler monkey skeleton (D:3)
  A worm (D:2)
  4 dart slugs
  8 orcs
  9 endoplasms
  4 giant cockroaches
  6 goblins
  9 hobgoblins
  18 jackals
  6 quokkas
  4 ball pythons
  5 bats
  4 frilled lizards
  9 kobolds
  9 rats
107 creatures vanquished.

Notes
Turn   | Place    | Note
-------+----------+-------------------------------------------
     0 | D:1      | MajorAdolf the Naga Wanderer began the quest for the Orb.
     0 | D:1      | MajorAdolf set off with the following items: a +0 club, a
                  | potion of curing, a +0 ring mail, a +0 dagger; and the
                  | following spell memorised: Sting; and the following spells
                  | available to memorise: Poisonous Vapours, Mephitic Cloud,
                  | Olgreb's Toxic Radiance
     0 | D:1      | Reached XP level 1. HP: 19/19 MP: 1/1
   467 | D:1      | Reached skill level 1 in Transmutations
   467 | D:1      | Reached XP level 2. HP: 26/26 MP: 2/2
  1437 | D:1      | Reached XP level 3. HP: 31/32 MP: 1/3
  1863 | D:1      | Reached skill level 5 in Poison Magic
  2167 | D:1      | Found a faded altar of an unknown god.
  3165 | D:1      | Reached XP level 4. HP: 29/39 MP: 4/4
  3255 | D:1      | Learned a level 2 spell: Poisonous Vapours
  4794 | D:3      | Noticed Sigmund
  5464 | D:3      | Reached XP level 5. HP: 40/45 MP: 0/5
  5583 | D:3      | Reached skill level 6 in Poison Magic
  6855 | D:4      | Reached skill level 7 in Poison Magic
  7603 | D:4      | Reached XP level 6. HP: 46/52 MP: 0/6
  8124 | D:4      | Found a runed translucent door.
  8124 | D:4      | Noticed bidolon's ghost (amateur GnVM)
  8464 | D:4      | Reached skill level 8 in Poison Magic
  8652 | D:5      | Entered Level 5 of the Dungeon
  8950 | D:5      | Found a blossoming altar of Fedhas.
  8964 | D:5      | Mangled by an ogre

Illustrated notes

Levels and vault maps discovered:
D:1:      pf_arrival_petrified_forest, layout_loops_ring,
          ebering_ecumenical_altar_sacrificial
D:2:      layout_rooms
D:3:      layout_basic, roderic_batcave, uniq_sigmund
D:4:      layout_basic, ebering_ghost_reflecting_pool
D:5:      layout_basic, nicolae_ashenzari_skybound, mainiacjoe_overflow_paths,
          fedhas_ov_isle_minmay, kennysheep_big_empty_room, minmay_bent

Skill      XL: |  1  2  3  4  5  6 |
---------------+-------------------+-----
Transmutations | 1 2 3 |  3.0
Poison Magic   | 5 7 8 |  8.1
Fighting       | |  2.0
Axes           | |  3.0
Stealth        | |  3.0

Action                   |  1- 3 |  4- 6 || total
-------------------------+-------+-------++-------
Melee: Club              |    23 |       ||    23
       Dagger            |    14 |   109 ||   123
       Staff             |       |     6 ||     6
 Cast: Sting             |    52 |    11 ||    63
       Poisonous Vapours |       |    67 ||    67
 Abil: Spit Poison       |    22 |    14 ||    36
  Use: Potion            |     1 |       ||     1
 Stab: Sleeping          |     1 |     1 ||     2
Armor: Ring mail         |     2 |       ||     2
       Skin              |     3 |     8 ||    11
       Robe              |       |    12 ||    12
Dodge: Dodged            |    48 |    73 ||   121
